 Dungeon Crawl Stone Soup version 0.30-a0-840-ga523dec638 (webtiles) character file.

Game seed: 8922425855201078158

7 Esekla the Sneak (level 2, 9/21 HPs)
             Began as an Octopode Delver on Mar 1, 2023.
             Quit the game on level 5 of the Dungeon.
             The game lasted 00:00:33 (41 turns).

Esekla the Sneak (Octopode Delver)                    Turns: 41, Time: 00:00:34

Health: 9/21       AC:  1    Str: 11    XL:     2   Next: 4%
Magic:  2/2        EV: 13    Int: 12    God:
Gold:   10         SH:  0    Dex: 13    Spells: 1/1 levels left

rFire   . . .      SeeInvis .    a - +0 long sword
rCold   . . .      Faith    .    (no shield)
rNeg    . . .      Spirit   .    (helmet restricted)
rPois   .          Reflect  .    (no amulet)
rElec   .          Harm     .    (no ring)
rCorr   .          Rampage  .    (no ring)
Will    .....                    (no ring)
Stlth   ++++                     (no ring)
HPRegen 0.23/turn                (no ring)
MPRegen 0.08/turn                (no ring)
                                 (no ring)
                                 (no ring)

@: no status effects
A: almost no armour, amphibious, 8 rings, camouflage 1, gelatinous body 1,
(nimble swimmer 1), tentacles
a: no special abilities


You were on level 5 of the Dungeon.
You visited 1 branch of the dungeon, and saw 1 of its levels.

You collected 10 gold pieces.

Inventory:

Hand Weapons
 a - a +0 long sword (weapon)
Wands
 f - a wand of digging (3)
Scrolls
 b - a scroll of fog
 d - a scroll of fear
Potions
 e - a potion of haste


   Skills:
 * Level 3.1 Fighting
 * Level 2.0 Long Blades
 * Level 2.0 Dodging
 + Level 6.8 Stealth
 * Level 0.2 Spellcasting


You had one spell level left.
You didn't know any spells.
Your spell library was empty.

Dungeon Overview and Level Annotations

Branches:
Dungeon (5/15)
 Temple: D:4-7

Altars:

Shops:
D:5 *


Innate Abilities, Weirdness & Mutations

You cannot wear most types of armour.
You are amphibious.
You can wear up to eight rings at the same time.
Your skin changes colour to match your surroundings (Stealth+).
Your rubbery body absorbs attacks. (AC +1, EV +1)
((You are camouflaged when in or above water. (Stealth+)))
You have tentacles for arms and can constrict up to eight enemies at once.


Message History

Welcome, Esekla the Octopode Delver.
The sublime Orb of Zot lies far below, as if waiting for you to find it.
Press ? for a list of commands and other information.
Found a stone staircase leading down.
As you read the scroll of magic mapping, it crumbles to dust.
You feel aware of your surroundings.
You sensed 1 shop/portal.
Found 10 gold pieces.
You now have 10 gold pieces.
Found a long sword.
Found a short sword.
Found 19 gold pieces.
You are now empty-tentacled.
You drop a +0 falchion.
A shadow imp comes into view.
Found Naekoam's Overcharged Wands.
You see here a +0 long sword.
a - a +0 long sword (weapon)
The shadow imp shouts!
Found 16 gold pieces.
The shadow imp gestures at you. Pain shoots through your body!
Ouch! That really hurt!
Found a stone staircase leading up.
The shadow imp hits you.
You hit the shadow imp. Your grab misses the shadow imp.
You squeeze the shadow imp.
The shadow imp is heavily wounded.
The shadow imp completely misses you.
You slash the shadow imp!
You kill the shadow imp!
You have reached level 2!
There is an entrance to Naekoam's Overcharged Wands here.
Are you sure you want to abandon this character and quit the game? (Confirm with "yes".)

**,#.# #.##.# *.#*,* *
,,,#.# #.##.######.#*,* *
***#.#####...).......#*,*
#.............$...#*,*
#.####.........##.#*,*
#.# ##)##........#*,* #.#
####..#.#...#*,* ####.#
#.#...#.<##,* .....#
#...@.....#,* .#####
#.#...#...#,* * .#
#$.#.#......* ** .#
#.......#.##**** *, .#
#####.......,,,* *, .#
*.###.##**,* *, .#
******..,,.#***,****** .#
*,,,,,..,,,.,,,,,**,,, .#
*,**,,,,,,,***,,,,,,**


There were no monsters in sight!

Vanquished Creatures
  A shadow imp (D:5)
1 creature vanquished.

Notes
Turn   | Place    | Note
-------+----------+-------------------------------------------
     0 | D:5      | Esekla the Octopode Delver began the quest for the Orb.
     0 | D:5      | Reached XP level 1. HP: 16/16 MP: 1/1
    30 | D:5      | Found Naekoam's Overcharged Wands.
    38 | D:5      | Reached XP level 2. HP: 8/21 MP: 2/2
    41 | D:5      | Quit the game

Illustrated notes

Levels and vault maps discovered:
D:5:      layout_loops_ring, ebering_ghost_reflecting_pool, minivault_19,
          nicolae_shop_overcharged_wands, uniq_sigmund

Action                     || total
---------------------------++-------
  Melee: Long sword        ||     2
         Tentacles         ||     1
    Use: Scroll            ||     1
  Dodge: Dodged            ||     1

Table legend: (Time is in decaauts)
 A = Elapsed time spent in this place.
 B = Non-inter-level travel time spent in this place.
 C = Inter-level travel time spent in this place.
 D = Time resting spent in this place.
 E = Time spent auto-exploring this place.
 F = Levels seen in this place.
 G = Mean time per level.
                   A        B        C        D        E       F      G
               +--------+--------+--------+--------+--------+-----+--------+
         Total |     41 |     41 |      0 |      0 |      0 |   1 |   41.0 |
       Dungeon |     41 |     41 |      0 |      0 |      0 |   1 |   41.0 |
               +--------+--------+--------+--------+--------+-----+--------+

Top non-repeatable levels by time:
     D:5: 41 daAuts
